 Dungeon Crawl Stone Soup version 0.24-a0-525-g9231cdcba1 (webtiles) character file.

Game seed: 5806789501409451115

308 GordonOverkill the Chopper (level 5, -5/41 HPs)
             Began as a Demigod Fire Elementalist on Aug 1, 2019.
             Killed from afar by Dowan (26 damage)
             ... with a shard of ice
             ... on level 4 of the Dungeon.
             The game lasted 00:05:56 (2914 turns).

GordonOverkill the Chopper (DgFE)                   Turns: 2914, Time: 00:05:57

Health: -5/41      AC:  2    Str: 13    XL:     5   Next: 94%
Magic:  1/10       EV: 18    Int: 24    God:
Gold:   219        SH:  0    Dex: 21    Spells: 6/7 levels left

rFire    . . .     SeeInvis .   l - +0 hand axe
rCold    . . .     Gourm    .   (no shield)
rNeg     . . .     Faith    .   a - +0 robe
rPois    .         Spirit   .   (no helmet)
rElec    .         Reflect  .   (no cloak)
rCorr    .         Harm     .   (no gloves)
MR       .....                  (no boots)
Stlth    +++.......             (no amulet)
HPRegen  0.13/turn              (no ring)
MPRegen  0.12/turn              (no ring)

@: brilliant, agile, flying
A: high mp 1
a: no special abilities


You were on level 4 of the Dungeon.
You were hungry.

You visited 1 branch of the dungeon, and saw 4 of its levels.

You collected 219 gold pieces.

Inventory:

Hand Weapons
 l - a +0 hand axe (weapon)
Missiles
 h - 4 stones (quivered)
Armour
 a - a +0 robe (worn)
 d - a +0 scale mail
Wands
 w - a wand of enslavement (12)
Scrolls
 b - 2 scrolls of random uselessness {unknown}
 e - a scroll of remove curse {unknown}
 f - 2 scrolls of teleportation {unknown}
 g - 2 scrolls of enchant armour {unknown}
 i - a scroll of enchant weapon {unknown}
 k - a scroll of amnesia {unknown}
 m - a scroll of identify {unknown}
 p - 2 scrolls of fog {unknown}
 u - a scroll of noise {unknown}
 v - a scroll of magic mapping {unknown}
 x - a scroll of immolation {unknown}
Potions
 r - 2 potions of heal wounds
 s - a potion of magic {unknown}
 t - 2 potions of curing {unknown}
Comestibles
 c - 7 rations
 o - 2 chunks of flesh


   Skills:
 - Level 2.0 Fighting
 + Level 5.0 Axes
 - Level 2.0 Dodging
 - Level 1.7 Stealth
 - Level 1.7 Spellcasting
 - Level 0.8 Conjurations
 - Level 2.6 Fire Magic


You had 6 spell levels left.
You knew the following spells:

 Your Spells              Type           Power        Failure   Level  Hunger
a - Flame Tongue          Conj/Fire      ####.        1%          1    #......

Your spell library contained the following spells:

 Spells                   Type           Power        Failure   Level  Hunger
 Throw Flame              Conj/Fire      ####..       1%          2    ##.....
 Conjure Flame            Conj/Fire      ####....     2%          3    ###....
 Inner Flame              Hex/Fire       ###.....     2%          3    ###....
 Sticky Flame             Conj/Fire      ####....     7%          4    #####..
 Fireball                 Conj/Fire      ####......   17%         5    ######.


Dungeon Overview and Level Annotations

Branches:
Dungeon (3/15)

Annotations:
D:4 Dowan


Innate Abilities, Weirdness & Mutations

You have an increased reservoir of magic. (+10% MP)


Message History

Duvessa hits you with a +0 rapier! The quokka closely misses you.
You hit Duvessa but do no damage.
Duvessa is almost dead.
You closely miss the quokka. Duvessa hits you with a +0 rapier.
The quokka bites you but does no damage.
Duvessa misses you.
You barely miss Duvessa.
Duvessa is almost dead.
You hit the quokka. Duvessa misses you. The quokka closely misses you.
You hit Duvessa.
You kill Duvessa!
Dowan's eyes darken. "You have made a black mistake."
Dowan seems to find hidden reserves of power!
Your Axes skill increases to level 5!
You hit the quokka. The quokka misses you.
Dowan says, "Magic will overcome all!"
Dowan points at you and mumbles some strange words.
The shard of ice hits you!!
Ouch! That really hurt!
You die...

#..........## ##......)....#
#....####....##### #...##
##......#.###### #...##
#..........#...#
##...###..............##
#...#....##.....)#....#
#....##..##...........#####
#....##..r@)e...###...##...
.....#.......##....#.....#....
..#..###......#...##..........
#.........##......####.........
#..#.......#.......##..........
....###...##..##...........e..
# ##..##...#..............
##.#..........#......#.
.##.........#......##


You could see Dowan and a quokka.

Vanquished Creatures
  Duvessa (D:4)
  A hound (D:4)
  An orc wizard (D:4)
  A worker ant (D:4)
  3 adders
  An ooze (D:2)
  2 worms (D:3)
  A dart slug (D:2)
  7 orcs (D:4)
  6 giant cockroaches
  13 goblins
  4 hobgoblins
  6 jackals
  9 kobolds
  3 quokkas
  7 bats
  3 frilled lizards (D:2)
  10 rats
79 creatures vanquished.

Notes
Turn   | Place    | Note
-------+----------+-------------------------------------------
     0 | D:1      | GordonOverkill the Demigod Fire Elementalist began the
                  | quest for the Orb.
     0 | D:1      | Reached XP level 1. HP: 14/14 MP: 5/5
   226 | D:1      | Reached skill level 1 in Fighting
   321 | D:1      | Reached XP level 2. HP: 23/23 MP: 4/7
  1044 | D:2      | Reached skill level 1 in Axes
  1044 | D:2      | Reached XP level 3. HP: 29/29 MP: 4/8
  1568 | D:2      | Reached skill level 2 in Axes
  1953 | D:3      | Found a sparkling altar of Nemelex Xobeh.
  1967 | D:3      | Found a white marble altar of Elyvilon.
  1983 | D:3      | Reached XP level 4. HP: 36/36 MP: 1/9
  2378 | D:3      | Found a shadowy altar of Dithmenos.
  2389 | D:3      | Reached skill level 3 in Axes
  2508 | D:3      | You fall into a shaft and drop 1 floor!
  2735 | D:4      | Reached XP level 5. HP: 32/41 MP: 1/10
  2833 | D:4      | Noticed Duvessa
  2838 | D:4      | Reached skill level 4 in Axes
  2839 | D:4      | Noticed Dowan
  2887 | D:4      | HP: 2/41 [Duvessa/+0 rapier (6)]
  2914 | D:4      | Killed Duvessa
  2914 | D:4      | Reached skill level 5 in Axes
  2914 | D:4      | Killed from afar by Dowan

Levels and vault maps discovered:
D:1:      dpeg_arrival_rooms_a, layout_basic
D:2:      layout_basic
D:3:      layout_rooms, nicolae_dithmenos_shadow_blocks, lemuel_crystal_altar,
          grunt_gozag_statues, nemelex_xobeh_ov_fountains_minmay, first_ration
D:4:      minmay_diamond_boxcup, layout_cave_pools, uniq_blork_the_orc,
          uniq_duvessa

Skill      XL: |  1  2  3  4  5 |
---------------+----------------+-----
Dodging        | 2 |  2.0
Fighting       | 1 2 |  2.0
Axes           | 1 2 3 5 |  5.0
Stealth        | |  1.7
Spellcasting   | |  1.7
Conjurations   | |  0.8
Fire Magic     | |  2.6

Action                   |  1- 3 |  4- 6 || total
-------------------------+-------+-------++-------
Melee: Hand axe          |       |     8 ||     8
Throw: Stone             |     1 |     4 ||     5
 Cast: Flame Tongue      |    84 |    68 ||   152
  Use: Potion            |       |     5 ||     5
  Eat: Chunk             |     4 |     4 ||     8
Armor: Robe              |     7 |     7 ||    14
Dodge: Dodged            |    27 |    41 ||    68

Table legend:
 A = Non-vault XP
 B = Vault XP
 C = Vault XP percentage of total XP
 D = Non-vault monster count
 E = Vault monster count
 F = Vault count percentage of total count
                 A         B        C        D         E       F
            +---------+---------+-------+---------+---------+-------
      Total |     298 |     142 |  32.3 |      78 |       1 |   1.3
            +---------+---------+-------+---------+---------+-------
        D:1 |      36 |       0 |   0.0 |      23 |       0 |   0.0
        D:2 |      66 |       0 |   0.0 |      23 |       0 |   0.0
        D:3 |      58 |       0 |   0.0 |      22 |       0 |   0.0
        D:4 |     138 |     142 |  50.7 |      10 |       1 |   9.1
            +---------+---------+-------+---------+---------+-------
